[Event "Titled Tuesday Blitz November 08 Early 2022"]
[White "Kuchava, Ana"]
[Black "Manukian, Artak"]
[WhiteFideId "13605348"]
[BlackFideId "13301373"]
[WhiteElo "2001"]
[BlackElo "2130"]
[Result "0-1"]
[Round "07"]
[TimeControl "180+1"]
[Date "2022.11.09"]
[WhiteClock "0:00:01"]
[BlackClock "0:00:47"]

1. d4 d5 2. Nf3 Nf6 3. c4 dxc4 4. e3 e6 5. Bxc4 c5 6. O-O a6 7. a4 Nc6 8. Nc3 cxd4 9. exd4 Nb4 10. Bg5 Be7 11. Qe2 O-O 12. Rad1 Bd7 13. Ne5 Bc6 14. Qe3 Nfd5 15. Bxe7 Nxe3 16. Bxd8 Nxd1 17. Be7 Nxc3 18. Bxb4 Nxa4 19. Bxf8 Kxf8 20. Nxc6 bxc6 21. b3 Nb6 22. Bd3 Ke7 23. Ra1 a5 24. Kf1 Kd6 25. Ke2 h6 26. Kd2 Nd5 27. Ra4 Kc7 28. Be4 Kb6 29. h4 Nb4 30. g3 Rd8 31. Ke3 Rc8 32. Ra1 c5 33. dxc5+ Rxc5 34. Kd4 f5 35. Bb1 e5+ 36. Ke3 Nc2+ 37. Bxc2 Rxc2 38. Rd1 Rc3+ 39. Ke2 Rxb3 40. Rd6+ Kc5 41. Ra6 Rb5 42. Ra7 g5 43. Ra6 gxh4 44. gxh4 h5 45. Rh6 a4 46. Rxh5 a3 47. Rh8 Ra5 48. Rc8+ Kd4 49. Rc1 a2 50. Ra1 Kc3 51. h5 Kb2 0-1


[Site "https://www.chess.com"]

[Event "Titled Tuesday Blitz November 08 Early 2022"]
[White "Kuznetsova, Olga"]
[Black "Jiang, Andrew"]
[WhiteFideId "4191323"]
[BlackFideId "30953510"]
[WhiteElo "2134"]
[BlackElo "1868"]
[Result "0-1"]
[Round "07"]
[TimeControl "180+1"]
[Date "2022.11.09"]
[WhiteClock "0:00:04"]
[BlackClock "0:00:26"]

1. d4 d5 2. Bf4 Nf6 3. e3 e6 4. Nd2 c5 5. c3 Bd6 6. Bg3 Qc7 7. Bd3 Nbd7 8. Ngf3 O-O 9. e4 cxd4 10. e5 dxc3 11. exd6 cxd2+ 12. Qxd2 Qb6 13. O-O Nc5 14. Ne5 Nce4 15. Bxe4 Nxe4 16. Qf4 Qxd6 17. Rac1 f6 18. Nf3 Qxf4 19. Bxf4 e5 20. Bg3 Bg4 21. Rc7 Rf7 22. Rfc1 Rxc7 23. Rxc7 Rc8 24. Rxc8+ Bxc8 25. Ne1 d4 26. f3 Nc5 27. Bf2 Be6 28. b3 a5 29. Nc2 b5 30. Be1 d3 31. Ne3 a4 32. bxa4 bxa4 33. a3 f5 34. Bb4 Nb3 35. Kf2 f4 36. Nd1 Nd4 37. Nc3 d2 38. Nd1 Bb3 39. Nb2 d1=Q 40. Nxd1 Bxd1 0-1


[Site "https://www.chess.com"]

[Event "Titled Tuesday Blitz November 08 Early 2022"]
[White "Lawson, Eric"]
[Black "Mohamed, Saeed Laily"]
[WhiteFideId "2604116"]
[BlackFideId "9314946"]
[WhiteElo "2518"]
[BlackElo "1874"]
[Result "0-1"]
[Round "07"]
[TimeControl "180+1"]
[Date "2022.11.09"]
[WhiteClock "0:00:08"]
[BlackClock "0:00:01"]

1. e4 c6 2. d4 d5 3. e5 Bf5 4. Nf3 e6 5. Be2 Bb4+ 6. c3 Ba5 7. O-O Nd7 8. Nbd2 h6 9. Re1 Ne7 10. Nf1 O-O 11. Ne3 Bh7 12. Bd3 Bxd3 13. Qxd3 Bc7 14. c4 dxc4 15. Nxc4 Nb6 16. Na5 Qd5 17. Nxb7 Nd7 18. b3 Rfb8 19. Ba3 Rxb7 20. Bxe7 c5 21. Rad1 cxd4 22. Qxd4 Qxd4 23. Rxd4 Nxe5 24. Nxe5 Bxe5 25. Rxe5 Rxe7 26. Rc5 Kf8 27. f4 Ke8 28. Ra5 Rd7 29. Rda4 Kd8 30. Kf2 Kc8 31. Kf3 Kb7 32. Rb4+ Kc6 33. Ra6+ Kc7 34. h4 h5 35. Ra5 g6 36. Ke4 Kc6 37. Ke5 Rd5+ 38. Rxd5 exd5 39. Rd4 Rd8 40. b4 Rd7 41. f5 a6 42. a4 gxf5 43. Kxf5 a5 44. bxa5 Kc5 45. Rd1 d4 46. Kg5 d3 47. Kxh5 d2 48. Kg4 Kc4 49. h5 Kc3 50. h6 f6 51. Kf5 Kc2 52. Rxd2+ Kxd2 53. Kxf6 Ke3 54. g4 Kf4 55. g5 Rd6+ 56. Kg7 Kxg5 57. h7 Rd7+ 58. Kg8 Kg6 59. h8=Q Rd8# 0-1


[Site "https://www.chess.com"]

[Event "Titled Tuesday Blitz November 08 Early 2022"]
[White "Lazavik, Denis"]
[Black "Faizrakhmanov, Ramil"]
[WhiteFideId "13515110"]
[BlackFideId "24103209"]
[WhiteElo "2483"]
[BlackElo "2437"]
[Result "1-0"]
[Round "07"]
[TimeControl "180+1"]
[Date "2022.11.08"]
[WhiteClock "0:00:07"]
[BlackClock "0:00:05"]

1. d4 Nf6 2. c4 e6 3. Nf3 d5 4. Nc3 Bb4 5. Bg5 h6 6. Bxf6 Qxf6 7. e3 O-O 8. Rc1 Nc6 9. a3 Bxc3+ 10. Rxc3 dxc4 11. Bxc4 e5 12. d5 Ne7 13. O-O Bg4 14. e4 c6 15. h3 Bh5 16. Qe2 Rfd8 17. Rd1 cxd5 18. exd5 Ng6 19. Rd2 Rac8 20. Qe4 Bxf3 21. Rxf3 Nf4 22. Kh2 Qg6 23. Qxg6 Nxg6 24. Rc3 Rd6 25. Rdc2 Ne7 26. Ba2 Rxc3 27. Rxc3 Rd7 28. d6 Nc6 29. Rd3 Kf8 30. Rd5 f6 31. Bb1 Kf7 32. Bf5 Rd8 33. Rb5 b6 34. Be4 Nd4 35. Rb4 Rxd6 36. Rc4 Rd7 37. Rc8 f5 38. Bd3 e4 39. Bc4+ Kg6 40. h4 h5 41. Kg3 b5 42. Bg8 Ne2+ 43. Kh2 Rd6 44. Rc7 a6 45. Bf7+ Kh6 46. Rc8 g6 47. Rc7 Nf4 48. Bg8 g5 49. hxg5+ Kg6 50. g3 Nd3 51. Kg2 Kxg5 52. b4 Kf6 53. Rf7+ Kg6 54. Re7 Nb2 55. Bh7+ Kf6 56. Rc7 Nc4 57. Rc5 Nxa3 58. Bxf5 Rd4 59. Bc8 Rxb4 60. Rxh5 Rb2 61. Bxa6 Nc4 62. Rxb5 Ra2 63. Rc5 Ne3+ 64. Kg1 Ng4 65. Bc8 Nxf2 66. Rf5+ Kg6 67. Rxf2 Ra3 68. Kg2 e3 69. Re2 Kg5 70. Kf3 Rc3 71. Bh3 Rc7 72. Rxe3 Rh7 73. Bf1 Rf7+ 74. Kg2 Ra7 75. Be2 Ra2 76. Kf2 Ra5 77. Re4 Ra2 78. Re5+ Kf6 79. Rb5 Ra3 80. g4 Kg6 81. Bf3 1-0


[Site "https://www.chess.com"]

[Event "Titled Tuesday Blitz November 08 Early 2022"]
[White "Levitan, Caleb Levi"]
[Black "Cramling Bellon, Anna"]
[WhiteFideId "14332620"]
[BlackFideId "32009232"]
[WhiteElo "1963"]
[BlackElo "1972"]
[Result "1-0"]
[Round "07"]
[TimeControl "180+1"]
[Date "2022.11.09"]
[WhiteClock "0:00:07"]
[BlackClock "0:00:03"]

1. e4 c5 2. Nf3 e6 3. d4 cxd4 4. Nxd4 Nf6 5. Nc3 Nc6 6. Nxc6 bxc6 7. Bd3 e5 8. O-O Be7 9. f4 d6 10. Kh1 O-O 11. h3 Bb7 12. Qf3 exf4 13. Bxf4 Nd7 14. Rad1 Qc7 15. Bc4 Ne5 16. Bxe5 dxe5 17. Bxf7+ Kh8 18. Qh5 Bf6 19. Bg6 h6 20. Bf5 Qf7 21. Qg4 Bc8 22. Bxc8 Raxc8 23. Rd7 Qg8 24. Rxa7 Bg5 25. Rxf8 Rxf8 26. Qe2 Qe6 27. a4 Bh4 28. a5 Bg3 29. Nd1 Qf6 30. Ne3 Qg5 31. a6 Rf2 32. Qg4 Qxg4 33. hxg4 Re2 34. Nf1 Re1 35. Kg1 Bf4 36. Kf2 Rd1 37. Ra8+ Kh7 38. a7 Ra1 39. g3 Bg5 40. b3 Ra2 41. Ne3 Bxe3+ 42. Kxe3 Kg6 43. Kf3 Kg5 44. c4 h5 45. gxh5 Kxh5 46. Rh8+ Kg6 47. a8=Q 1-0


[Site "https://www.chess.com"]

[Event "Titled Tuesday Blitz November 08 Early 2022"]
[White "Lewtak, Damian"]
[Black "Kim, Sergey"]
[WhiteFideId "1141724"]
[BlackFideId "13700570"]
[WhiteElo "2329"]
[BlackElo "2608"]
[Result "1-0"]
[Round "07"]
[TimeControl "180+1"]
[Date "2022.11.09"]
[WhiteClock "0:01:21"]
[BlackClock "0:00:30"]

1. b3 Nf6 2. Bb2 g6 3. g3 Bg7 4. Bg2 O-O 5. e3 d6 6. c4 e5 7. d3 c6 8. Nd2 Nbd7 9. Ngf3 Re8 10. O-O a5 11. Qc2 Nc5 12. d4 Bf5 13. Qd1 Nd3 14. Bc3 Ne4 15. Nxe4 Bxe4 16. Nd2 Bxg2 17. Kxg2 exd4 18. exd4 Nb4 19. a3 Na6 20. Nf3 Nc7 21. Qd2 d5 22. Bxa5 Qd6 23. Bxc7 Qxc7 24. cxd5 cxd5 25. a4 Qd6 26. Rac1 Re4 27. Rc2 Rae8 28. Rfc1 Qd7 29. Rc7 Qg4 30. Rxb7 Re2 31. Qf4 Qe6 32. Ng5 Qf6 33. Qxf6 Bxf6 34. Nxf7 Bxd4 35. Nh6+ Kh8 36. Rcc7 1-0


[Site "https://www.chess.com"]

[Event "Titled Tuesday Blitz November 08 Early 2022"]
[White "Liang, Awonder"]
[Black "Gokerkan, Cem Kaan"]
[WhiteFideId "2056437"]
[BlackFideId "6336760"]
[WhiteElo "2508"]
[BlackElo "2365"]
[Result "1-0"]
[Round "07"]
[TimeControl "180+1"]
[Date "2022.11.08"]
[WhiteClock "0:00:04"]
[BlackClock "0:00:02"]

1. h4 a5 2. h5 h6 3. a4 e5 4. e4 Nf6 5. Nc3 Bb4 6. Bc4 c6 7. Nf3 d5 8. exd5 e4 9. Ne5 cxd5 10. Bb5+ Nbd7 11. d4 O-O 12. O-O Qc7 13. Bf4 Bxc3 14. Ng6 Qd8 15. Nxf8 Nxf8 16. bxc3 Bg4 17. Be2 Nxh5 18. Bxg4 Nxf4 19. g3 N4g6 20. Rb1 b6 21. Qe2 Ne7 22. c4 f5 23. Bh3 Ne6 24. Rfd1 Qd6 25. Rb5 Ng5 26. Bg2 f4 27. gxf4 Qxf4 28. cxd5 Rf8 29. c4 Nf5 30. Rb3 Nh4 31. Rg3 Nhf3+ 32. Bxf3 Nxf3+ 33. Kg2 Nh4+ 34. Kh3 Nf3 35. Rh1 Nxd4 36. Qg4 Qf7 37. Qg6 Qd7+ 38. Kg2 Nf5 39. Rg4 Rf6 40. Qh5 e3 41. Rf4 exf2 42. Kxf2 Qd6 43. Rxf5 g6 44. Rxf6 Qxf6+ 45. Qf3 Qb2+ 46. Kg3 Qe5+ 47. Kg2 Qg5+ 48. Qg3 Qd2+ 49. Qf2 Qg5+ 50. Kh2 Qh5+ 51. Kg1 Qg4+ 52. Kf1 Qd1+ 53. Kg2 Qg4+ 54. Qg3 Qe2+ 55. Kg1 Qd1+ 56. Kh2 Qe2+ 57. Qg2 Qe5+ 58. Kh3 Qh5+ 59. Kg3 Qg5+ 60. Kf3 Qf5+ 61. Ke3 Qe5+ 62. Qe4 Qc3+ 63. Qd3 Qe5+ 64. Kf3 Qf6+ 65. Ke2 Qe5+ 66. Kd1 Qa1+ 67. Kc2 Qxh1 68. Qxg6+ Kh8 69. Qf6+ Kh7 70. Qxb6 Qg2+ 71. Kc3 Qf3+ 72. Kd2 Qg2+ 73. Kd3 Qf3+ 74. Qe3 Qd1+ 75. Ke4 Qxa4 76. Kd4 h5 77. d6 Qa1+ 78. Kd5 Qd1+ 79. Kc6 Qh1+ 80. Kc7 Qh2 81. c5 h4 82. Kc8 h3 83. d7 Qg2 84. d8=Q Qa8+ 85. Kd7 Qd5+ 86. Ke8 Qg8+ 87. Ke7 Qg5+ 88. Qxg5 1-0


[Site "https://www.chess.com"]

[Event "Titled Tuesday Blitz November 08 Early 2022"]
[White "Lopez Martinez, Josep Manuel"]
[Black "Moskvin, Anatoly"]
[WhiteFideId "2212943"]
[BlackFideId "24199990"]
[WhiteElo "2471"]
[BlackElo "2079"]
[Result "0-1"]
[Round "07"]
[TimeControl "180+1"]
[Date "2022.11.09"]
[WhiteClock "0:00:36"]
[BlackClock "0:00:07"]

1. e4 e5 2. Nf3 Nc6 3. Bb5 Nge7 4. O-O a6 5. Ba4 d6 6. d4 Bd7 7. c3 Ng6 8. Re1 Be7 9. g3 O-O 10. h4 Bg4 11. d5 Nb8 12. Bc2 Nd7 13. Be3 Bxh4 14. Nbd2 Be7 15. Kg2 h6 16. Rh1 Nc5 17. b4 Nd7 18. Qg1 Nf6 19. Qh2 Re8 20. Ne1 Bf8 21. f3 Bd7 22. Nd3 c6 23. c4 b5 24. dxc6 Bxc6 25. cxb5 axb5 26. Bb3 d5 27. Nf2 dxe4 28. Ndxe4 Nxe4 29. fxe4 Ra6 30. Qh5 Ba8 31. Rad1 Qf6 32. Kg1 Rd8 33. Rf1 Qe7 34. Ng4 Bxe4 35. Rh2 Bd5 36. Bxh6 gxh6 37. Nxh6+ Bxh6 38. Qxh6 Bxb3 39. Qh7+ Kf8 40. axb3 Qa7+ 41. Kh1 Ke8 42. Qg8+ Nf8 43. Rh8 Qe7 44. Rh7 Rf6 45. Re1 Rdd6 46. Qh8 Qe6 47. Rh4 Rd2 48. Qh5 Qc6+ 49. Rhe4 Nd7 50. Qh8+ Ke7 51. Kg1 Rh6 52. Qg7 Qb6+ 53. R1e3 Qf6 54. Qxf6+ Rxf6 55. Re1 Re6 56. g4 Rd3 57. g5 Rxb3 58. Rc1 Rg3+ 59. Kf2 Rxg5 60. Rc7 f5 61. Re1 e4 62. Rd1 Rd6 63. Ra1 f4 64. Re1 Rd2+ 65. Kf1 e3 66. Rc3 Rf2# 0-1


[Site "https://www.chess.com"]

[Event "Titled Tuesday Blitz November 08 Early 2022"]
[White "Luberanski, Jakub"]
[Black "Horobetz, Graham"]
[WhiteFideId "21830509"]
[BlackFideId "2047322"]
[WhiteElo "2109"]
[BlackElo "2595"]
[Result "0-1"]
[Round "07"]
[TimeControl "180+1"]
[Date "2022.11.09"]
[WhiteClock "0:00:55"]
[BlackClock "0:00:29"]

1. d4 Nf6 2. c4 g6 3. Nc3 Bg7 4. e4 d6 5. Nf3 O-O 6. Be2 Nbd7 7. O-O e5 8. Qc2 c6 9. d5 a5 10. Be3 Ng4 11. Bd2 c5 12. h3 Nh6 13. Bg5 f6 14. Bh4 g5 15. Bg3 Rf7 16. Nh2 Nf8 17. Bh5 Ng6 18. Ng4 f5 19. Nxh6+ Bxh6 20. exf5 Bxf5 21. Ne4 Qd7 22. f3 Raf8 23. Bg4 Nf4 24. Bxf4 exf4 25. Rfe1 Qd8 26. Bxf5 Rxf5 27. Qb3 R5f7 28. Nc3 Bg7 29. Nb5 Be5 30. Re4 Rg7 31. Rae1 Qf6 32. Qa4 b6 33. a3 h5 34. Qd1 g4 35. hxg4 hxg4 36. fxg4 f3 37. Qxf3 Qh4 38. g3 Bxg3 39. Re8 Qh2+ 40. Kf1 Qh1+ 41. Ke2 Qxf3+ 42. Kd2 Bxe1+ 0-1


[Site "https://www.chess.com"]

[Event "Titled Tuesday Blitz November 08 Early 2022"]
[White "Madaminov, Mukhiddin"]
[Black "Trifan, Andrei Ioan"]
[WhiteFideId "14210703"]
[BlackFideId "12967068"]
[WhiteElo "2341"]
[BlackElo "2208"]
[Result "1-0"]
[Round "07"]
[TimeControl "180+1"]
[Date "2022.11.09"]
[WhiteClock "0:01:31"]
[BlackClock "0:01:12"]

1. d4 Nf6 2. Nc3 d6 3. e4 g6 4. f4 Bg7 5. Bd3 Nbd7 6. e5 Nb8 7. exf6 Bxf6 8. Be3 Nc6 9. Nge2 Bg4 10. h3 Bh4+ 11. Bf2 Bxf2+ 12. Kxf2 Bd7 13. Re1 e6 14. Kg1 Qf6 15. Ne4 Qg7 16. c3 Ne7 17. Qd2 h5 18. a4 Nd5 19. a5 h4 20. c4 Ne7 21. c5 Nf5 22. cxd6 cxd6 23. Qb4 O-O 24. Nxd6 Ne3 25. Qd2 Nd5 26. Be4 Bc6 27. Nc3 a6 28. Nc4 Rad8 29. Ne5 Nb4 30. Bxc6 bxc6 31. Ne4 c5 32. Nxc5 Nd5 33. Nxa6 Qh6 34. Rf1 f6 35. Nc6 Rd6 36. Nab4 Nxb4 37. Nxb4 Rfd8 38. d5 exd5 39. Qd4 1-0


[Site "https://www.chess.com"]

[Event "Titled Tuesday Blitz November 08 Early 2022"]
[White "Makridis, Dimitrios"]
[Black "Kukula, Pawel"]
[WhiteFideId "25864475"]
[BlackFideId "1115081"]
[WhiteElo "2272"]
[BlackElo "2046"]
[Result "1-0"]
[Round "07"]
[TimeControl "180+1"]
[Date "2022.11.09"]
[WhiteClock "0:00:16"]
[BlackClock "0:00:01"]

1. e4 c5 2. Nf3 Nc6 3. Bb5 e5 4. O-O Bd6 5. c3 a6 6. Ba4 Nge7 7. d4 cxd4 8. cxd4 Nxd4 9. Nxd4 exd4 10. Qxd4 Qc7 11. h3 Be5 12. Qd3 b5 13. Bb3 Bb7 14. Nc3 Rc8 15. Bd2 O-O 16. f4 Bd6 17. Kh1 b4 18. Na4 Nc6 19. Be3 Qb8 20. Nb6 Rcd8 21. e5 Bc7 22. Nxd7 Qc8 23. Bc2 g6 24. Nf6+ Kg7 25. Qe2 Ne7 26. Be4 Qa8 27. Bc5 Bxe4 28. Bxe7 Bc6 29. Bxf8+ Rxf8 30. Rac1 Bb5 31. Qf2 Bd8 32. Rfd1 Be7 33. Rc7 Bxf6 34. exf6+ Kg8 35. Qh4 h5 36. Qg5 Kh7 37. Qe5 b3 38. axb3 Bc6 39. Rd2 Be4 40. Kg1 Bf5 41. Kh2 h4 42. Qd5 Qb8 43. Rxf7+ Rxf7 44. Qxf7+ Kh6 45. Qg7+ Kh5 46. Qh7# 1-0


[Site "https://www.chess.com"]

[Event "Titled Tuesday Blitz November 08 Early 2022"]
[White "Martin, Lewis"]
[Black "Ronka, Erik"]
[WhiteFideId "410551"]
[BlackFideId "505080"]
[WhiteElo "2145"]
[BlackElo "2264"]
[Result "0-1"]
[Round "07"]
[TimeControl "180+1"]
[Date "2022.11.09"]
[WhiteClock "0:00:43"]
[BlackClock "0:01:29"]

1. e4 c5 2. Nf3 e6 3. d4 cxd4 4. Nxd4 Nf6 5. Nc3 d6 6. g3 Nc6 7. Nde2 Be7 8. Bg2 O-O 9. O-O a6 10. h3 Qc7 11. f4 b5 12. a3 Bb7 13. g4 h6 14. Ng3 a5 15. g5 hxg5 16. fxg5 Nh7 17. h4 b4 18. Nce2 Ne5 19. Nf4 Rac8 20. Rf2 d5 21. Be3 dxe4 22. Nxe4 Nc4 23. Qe2 Bxe4 24. Bxe4 Nxe3 25. Qxe3 Bc5 26. Qd3 Bxf2+ 27. Kxf2 Qxf4+ 28. Kg2 Rfd8 29. Bxh7+ Kh8 0-1


[Site "https://www.chess.com"]

[Event "Titled Tuesday Blitz November 08 Early 2022"]
[White "Matinian, Nikita"]
[Black "Cella, Glaucio Dalla Cortt"]
[WhiteFideId "24129100"]
[BlackFideId "2119455"]
[WhiteElo "2422"]
[BlackElo "2011"]
[Result "1/2-1/2"]
[Round "07"]
[TimeControl "180+1"]
[Date "2022.11.09"]
[WhiteClock "0:01:22"]
[BlackClock "0:00:05"]

1. d4 Nf6 2. c4 e6 3. Nc3 Bb4 4. Bd2 c6 5. e3 d5 6. g4 Bxc3 7. Bxc3 Ne4 8. Qc2 f5 9. gxf5 exf5 10. O-O-O Nxc3 11. Qxc3 dxc4 12. Bxc4 Nd7 13. Nf3 Nb6 14. Ne5 Nxc4 15. Qxc4 Qd5 16. Qxd5 cxd5 17. h4 Be6 18. h5 Ke7 19. Kd2 Rac8 20. Rc1 Rxc1 21. Rxc1 Rc8 22. Rxc8 Bxc8 23. Ke2 Kf6 24. Kf3 a6 25. Kf4 Be6 26. b4 g5+ 27. hxg6 hxg6 28. Nf3 Bd7 29. a3 b6 30. Ne5 g5+ 31. Kg3 Ke7 32. f3 Be8 33. Kf2 Bb5 34. f4 g4 35. Kg3 Kf6 36. Kh4 Be8 37. Nd3 Bb5 38. Nf2 Be8 39. Nh1 Bb5 40. Kh5 Be8+ 41. Kh6 Bb5 42. Ng3 Bd3 43. Nh5+ Ke6 44. Kg6 a5 45. Kg5 axb4 46. axb4 Bc2 47. b5 Bd3 48. Ng3 Bc2 49. Kg6 Bd3 50. Kg5 Bc2 51. Nh5 Bd3 52. Ng7+ Kd6 53. Nh5 Ke6 1/2-1/2


[Site "https://www.chess.com"]

[Event "Titled Tuesday Blitz November 08 Early 2022"]
[White "Matlakov, Maxim"]
[Black "Beerdsen, Thomas"]
[WhiteFideId "4168003"]
[BlackFideId "1030108"]
[WhiteElo "2669"]
[BlackElo "2567"]
[Result "1-0"]
[Round "07"]
[TimeControl "180+1"]
[Date "2022.11.08"]
[WhiteClock "0:00:03"]
[BlackClock "0:01:15"]

1. Nf3 h6 2. e4 g5 3. d4 g4 4. Nfd2 d5 5. Nc3 c5 6. Bb5+ Bd7 7. Bxd7+ Qxd7 8. Nb3 cxd4 9. Qxd4 Nf6 10. exd5 Na6 11. O-O Bg7 12. Bf4 O-O 13. Rad1 Rfd8 14. Be5 Qf5 15. f3 Qh5 16. d6 gxf3 17. gxf3 Nb4 18. Qxb4 Qxe5 19. dxe7 Re8 20. Rde1 Qh5 21. Qf4 Rac8 22. Kh1 Rc6 23. Rg1 Kh7 24. Nd4 Rc4 25. Qf5+ Qxf5 26. Nxf5 Bh8 27. Nd6 Rc7 28. Nxe8 Nxe8 29. Re4 Nf6 30. e8=Q 1-0


[Site "https://www.chess.com"]

[Event "Titled Tuesday Blitz November 08 Early 2022"]
[White "Matveeva, Olga"]
[Black "Donskov, Anatoly"]
[WhiteFideId "24107018"]
[BlackFideId "24143413"]
[WhiteElo "2055"]
[BlackElo "2219"]
[Result "1-0"]
[Round "07"]
[TimeControl "180+1"]
[Date "2022.11.09"]
[WhiteClock "0:00:19"]
[BlackClock "0:00:06"]

1. d4 d5 2. c4 dxc4 3. Nf3 Nf6 4. e3 e6 5. Bxc4 c5 6. O-O a6 7. Re1 b5 8. Be2 Bb7 9. a4 b4 10. Nbd2 Nbd7 11. Nc4 Be7 12. b3 O-O 13. Bb2 Rc8 14. Rc1 Nd5 15. Nfe5 Bf6 16. Bf3 Nxe5 17. dxe5 Be7 18. Nd6 Bxd6 19. exd6 Nc3 20. Bxc3 Bxf3 21. gxf3 bxc3 22. Rxc3 Qg5+ 23. Kh1 Rfd8 24. Rg1 Qe5 25. Rd3 Rc6 26. d7 Rc7 27. Rg4 Qf5 28. Rf4 Qh3 29. Rd6 e5 30. Rg4 h5 31. Rg3 Qf5 32. e4 Qf4 33. Qg1 g6 34. Rgxg6+ fxg6 35. Qxg6+ Kh8 36. Qxh5+ Kg7 37. Rg6+ Kf8 38. Qh8+ Ke7 39. Qh7+ Qf7 40. Rg7 Qxg7 41. Qxg7+ Kd6 42. Qf6+ Kxd7 43. Qxe5 Kc6 44. f4 Rd4 45. Kg2 Rcd7 46. f5 Rd8 47. h4 Rg8+ 48. Kf3 Rc8 49. h5 Rd3+ 50. Kf4 Rcd8 51. h6 R8d6 52. h7 Rh3 53. h8=Q Rxh8 54. Qxh8 Rd3 55. Qc8+ 1-0


[Site "https://www.chess.com"]

[Event "Titled Tuesday Blitz November 08 Early 2022"]
[White "Mazzilli, Piero"]
[Black "Ladan, Nicholas"]
[WhiteFideId "807087"]
[BlackFideId "30918855"]
[WhiteElo "2289"]
[BlackElo "2167"]
[Result "1/2-1/2"]
[Round "07"]
[TimeControl "180+1"]
[Date "2022.11.09"]
[WhiteClock "0:00:31"]
[BlackClock "0:00:49"]

1. e4 e5 2. Nf3 Nc6 3. Nc3 Nf6 4. d4 exd4 5. Nxd4 Bb4 6. Nxc6 bxc6 7. Bd3 O-O 8. O-O d5 9. exd5 cxd5 10. Bg5 c6 11. Qf3 h6 12. Bxf6 Qxf6 13. Qxf6 gxf6 14. Nd1 Bd6 15. Ne3 Rb8 16. b3 a5 17. a4 Be5 18. Rad1 Re8 19. Nf5 Bxf5 20. Bxf5 Bc3 21. Rd3 Bb4 22. Rg3+ Kf8 23. Rh3 Re5 24. Bd3 Kg7 25. Rg3+ Rg5 26. Rd1 Re8 27. f4 Rxg3 28. hxg3 Re3 29. Kh2 Be1 30. g4 Bg3+ 31. Kg1 Bxf4 32. Kf2 d4 33. Be2 Bg3+ 34. Kf1 c5 35. Rd3 Kg6 36. Rxe3 dxe3 37. Bf3 f5 38. gxf5+ Kxf5 39. Ke2 Bf4 40. Bc6 Kg4 41. Bb7 Kg3 42. Bc6 Bg5 43. Bb7 h5 44. Bc6 h4 45. Bb7 f5 46. Bc6 f4 47. Bb7 f3+ 48. Bxf3 h3 49. gxh3 Kxh3 50. Bd5 Kg3 51. Bc4 Kf4 52. Bd3 Ke5 53. Bb5 Kd4 54. Kd1 Kc3 55. Bc4 Bf6 56. Be2 Bd4 57. Bc4 Bf6 58. Be2 Bh4 59. Bc4 Bf2 60. Be2 Kd4 61. Bc4 Ke5 62. Be2 Kf4 63. Bc4 Kg3 64. Be2 Bg1 65. Bc4 Kf2 66. Be2 Bh2 67. Bc4 Bc7 68. Be2 Bb6 69. Bc4 1/2-1/2


[Site "https://www.chess.com"]

[Event "Titled Tuesday Blitz November 08 Early 2022"]
[White "Mendez Fortes, Eduardo Jesus"]
[Black "Savic, Miomir"]
[WhiteFideId "3502376"]
[BlackFideId "934550"]
[WhiteElo "2307"]
[BlackElo "2122"]
[Result "0-1"]
[Round "07"]
[TimeControl "180+1"]
[Date "2022.11.09"]
[WhiteClock "0:00:45"]
[BlackClock "0:01:03"]

1. e4 c5 2. Nf3 Nc6 3. d4 cxd4 4. Nxd4 g6 5. c4 Bg7 6. Be3 Nf6 7. Nc3 O-O 8. Be2 Nxd4 9. Bxd4 d6 10. O-O Bd7 11. Qd2 Qa5 12. f3 Rfc8 13. Rfd1 Be6 14. b3 Nh5 15. Bxg7 Kxg7 16. Bf1 a6 17. Rac1 Nf6 18. g3 b5 19. cxb5 axb5 20. Rc2 b4 21. Na4 Rxc2 22. Qxc2 Bd7 23. Bc4 Bxa4 24. bxa4 Qc5+ 25. Kg2 Rc8 26. Rc1 Qe3 27. a5 Nd7 28. Qb2+ f6 29. Rc2 Ne5 30. Be2 Rc3 31. a6 Nxf3 32. a7 Qg1+ 33. Kh3 Qxh2+ 34. Kg4 Ne5+ 35. Kf4 g5+ 36. Kf5 Qh3+ 37. g4 Kf7 38. Rxc3 Qxc3 39. Qxc3 bxc3 40. a8=Q e6# 0-1


[Site "https://www.chess.com"]

[Event "Titled Tuesday Blitz November 08 Early 2022"]
[White "Mihailidis, Anastasios"]
[Black "Gabdrakhmanov, Azat"]
[WhiteFideId "4205588"]
[BlackFideId "34189197"]
[WhiteElo "2312"]
[BlackElo "2254"]
[Result "0-1"]
[Round "07"]
[TimeControl "180+1"]
[Date "2022.11.09"]
[WhiteClock "0:00:02"]
[BlackClock "0:00:52"]

1. e4 c5 2. Nf3 e6 3. c4 Nc6 4. Nc3 Nf6 5. Be2 d6 6. O-O Be7 7. d4 cxd4 8. Nxd4 O-O 9. Be3 Bd7 10. Ndb5 Qb8 11. Bf4 Ne5 12. f3 a6 13. Nd4 Rc8 14. b3 b5 15. Bxe5 dxe5 16. Nc2 b4 17. Nb1 Bc6 18. Qc1 Bc5+ 19. Kh1 Qb6 20. Rd1 Rd8 21. Nd2 Nh5 22. g3 Be3 23. Nxe3 Qxe3 24. Bf1 Rd4 25. Kg2 f5 26. Nb1 Qxc1 27. Rxc1 fxe4 28. fxe4 Bxe4+ 29. Kg1 Rad8 30. a3 Rd1 31. Nc3 Rxc1 32. Rxc1 bxc3 33. Rxc3 Nf6 34. b4 Bb7 35. c5 Nd5 36. Rc1 Rc8 37. Bg2 Kf7 38. Rc4 Ke7 39. a4 Bc6 40. b5 axb5 41. axb5 Bxb5 42. Rc1 Ne3 43. Be4 Bc6 44. Bxh7 Nf5 45. Bg6 Nd4 46. Ra1 Kf6 47. Bd3 e4 48. Rf1+ Ke5 49. Bc4 Nf3+ 50. Kf2 Nd2 51. Ba6 Rf8+ 52. Ke2 Nxf1 53. Ke1 Ne3 0-1


[Site "https://www.chess.com"]

[Event "Titled Tuesday Blitz November 08 Early 2022"]
[White "Mills, Morgen"]
[Black "Kostiukov, Alexandr"]
[WhiteFideId "2013304"]
[BlackFideId "14108100"]
[WhiteElo "2269"]
[BlackElo "2202"]
[Result "1-0"]
[Round "07"]
[TimeControl "180+1"]
[Date "2022.11.09"]
[WhiteClock "0:00:02"]
[BlackClock "0:00:02"]

1. e4 c5 2. Nf3 g6 3. d4 cxd4 4. Nxd4 Bg7 5. c4 Nc6 6. Be3 Nf6 7. Nc3 O-O 8. f3 Nxd4 9. Bxd4 Qa5 10. Qd2 d6 11. Be2 Be6 12. b3 Rfc8 13. Rc1 a6 14. a4 Nd7 15. Bxg7 Kxg7 16. O-O Qb6+ 17. Kh1 Qxb3 18. Rb1 Qa3 19. Rxb7 Rab8 20. Qd4+ Kg8 21. Rxb8 Rxb8 22. Nd5 Bxd5 23. cxd5 a5 24. Bb5 Nc5 25. Ra1 Qb4 26. Qxb4 axb4 27. Rb1 b3 28. Kg1 Ra8 29. Bc6 Ra5 30. Kf1 Kg7 31. Ke2 Nxa4 32. Rxb3 Nc5 33. Rb2 g5 34. Bb5 h5 35. Kf2 h4 36. Be2 Kf6 37. g3 Ke5 38. Rd2 Ra3 39. Kg2 g4 40. gxh4 gxf3+ 41. Bxf3 Kf4 42. Rf2 Nd3 43. Rf1 Ra2+ 44. Kg1 Ke3 45. Bg2 Nf4 46. Re1+ Ne2+ 47. Kf1 Kd3 48. Rd1+ Ke3 49. Re1 Kd3 50. Rd1+ Kc4 51. h5 Nf4 52. Bf3 Rxh2 53. Kg1 1-0


[Site "https://www.chess.com"]

[Event "Titled Tuesday Blitz November 08 Early 2022"]
[White "Mirzoev, Azer"]
[Black "Roux, Baptiste"]
[WhiteFideId "13400304"]
[BlackFideId "36017450"]
[WhiteElo "2525"]
[BlackElo "2077"]
[Result "1-0"]
[Round "07"]
[TimeControl "180+1"]
[Date "2022.11.09"]
[WhiteClock "0:01:22"]
[BlackClock "0:00:18"]

1. e4 c5 2. Nc3 a6 3. g3 b5 4. Bg2 Bb7 5. d3 g6 6. h4 h5 7. Nh3 Nf6 8. Ng5 d6 9. Nd5 Bg7 10. Nxf6+ Bxf6 11. c3 Nc6 12. O-O Qc7 13. Be3 Bxg5 14. Bxg5 O-O-O 15. d4 cxd4 16. cxd4 Qb6 17. Be3 Qa5 18. a4 b4 19. Rc1 Kb8 20. Qb3 e6 21. Rfd1 Ne7 22. d5 exd5 23. exd5 Nf5 24. Bd2 Rhe8 25. Bxb4 Qb6 26. a5 Qb5 27. Bf1 Qd7 28. Bc3 Ka8 29. Qb6 Rc8 30. Bd3 Bxd5 31. Qxa6+ Qa7 32. Qxa7+ Kxa7 33. b4 Bf3 34. Bxf5 gxf5 35. Rd3 Ka6 36. Rxf3 1-0


[Site "https://www.chess.com"]

[Event "Titled Tuesday Blitz November 08 Early 2022"]
[White "Mosadeghpour, Masoud"]
[Black "Martinez Alcantara, Jose Eduardo"]
[WhiteFideId "12519278"]
[BlackFideId "3805662"]
[WhiteElo "2393"]
[BlackElo "2705"]
[Result "0-1"]
[Round "07"]
[TimeControl "180+1"]
[Date "2022.11.08"]
[WhiteClock "0:01:06"]
[BlackClock "0:01:02"]

1. e4 e5 2. Nf3 Nc6 3. Nc3 Nf6 4. g3 d6 5. Bg2 g6 6. O-O Bg7 7. d4 O-O 8. dxe5 Nxe5 9. Nxe5 dxe5 10. Be3 Be6 11. Qe2 c6 12. Rad1 Qe7 13. f3 Qb4 14. Rb1 Bc4 15. Qf2 Bxf1 16. Bc5 Qa5 17. Bxf8 Bxf8 18. Qxf1 Rd8 19. Rd1 Rxd1 20. Qxd1 Qb6+ 21. Kh1 Qxb2 22. Ne2 Qxa2 23. h4 a5 24. Qd8 Kg7 25. g4 Qxc2 26. Ng3 h6 27. h5 Qc5 28. hxg6 fxg6 29. Qc7+ Qe7 30. Qxa5 Nh7 31. Qc3 Qh4+ 32. Kg1 Qxg3 33. Qa5 Ng5 34. Qc7+ Kg8 0-1


[Site "https://www.chess.com"]